 Seeded DCSS version 0.30-a0-956-gcec3b41aec (webtiles) character file.

Game seed: 2795554834527330743 (custom seed)

6414 mistaj the Cleaver (level 10, -1/58 HPs)
             Began as a Vine Stalker Fighter on Mar 29, 2023.
             Was a Believer of Makhleb.
             Slain by a blink frog (8 damage)
             ... on level 8 of the Dungeon.
             The game lasted 00:12:48 (8027 turns).

mistaj the Cleaver (Vine Stalker Fighter)           Turns: 8027, Time: 00:12:48

Health: -1/58      AC: 24    Str: 22    XL:     10   Next: 98%
Magic:  0/11       EV:  4    Int: 10    God:    Makhleb [**....]
Gold:   271        SH: 15    Dex: 22    Spells: 9/9 levels left

rFire   . . .      SeeInvis .    O - +5 hand axe (freeze)
rCold   . . .      Faith    .    u - +0 kite shield
rNeg    . . .      Spirit   +    b - +3 plate armour
rPois   .          Reflect  +    p - +2 helmet
rElec   .          Rampage  .    n - +0 cloak
rCorr   .                        L - +2 pair of gloves of the Sky {Dex+3 Stlth+}
Will    +....                    J - +2 pair of boots Stlth
                                 w - amulet of reflection
HPRegen 1.09/turn                o - +4 ring of slaying
MPRegen 0.12/turn                H - +6 ring of dexterity

@: no status effects
A: fangs 3, regeneration 1, magic shield, antimagic bite, no potion heal 2
a: Renounce Religion, Minor Destruction


You were on level 8 of the Dungeon.
You worshipped Makhleb.
Makhleb was pleased with you.
You visited 3 branches of the dungeon, and saw 10 of its levels.

You collected 407 gold pieces.
You spent 136 gold pieces at shops.

Inventory:

Hand Weapons
 x - a +2 heavy hand axe
 M - a +4 battleaxe
 O - a +5 hand axe of freezing (weapon)
 P - a +1 hand axe of flaming
Armour
 b - a +3 plate armour (worn)
 n - a +0 cloak (worn)
 p - a +2 helmet (worn)
 u - a +0 kite shield (worn)
 J - a +2 pair of boots (worn)
 L - the +2 pair of gloves of the Sky (worn) {Dex+3 Stlth+}
   (You found it on level 8 of the Dungeon)

   Dex:       It affects your dexterity (+3).
   Stlth:     It makes you more stealthy.
Jewellery
 o - a +4 ring of slaying (left hand)
 w - an amulet of reflection (around neck)
 y - a ring of fire
 H - a +6 ring of dexterity (right hand)
Wands
 E - a wand of roots (12)
 G - a wand of acid (19)
Scrolls
 a - a scroll of blinking {unknown}
 e - 7 scrolls of teleportation
 f - 7 scrolls of identify
 g - a scroll of immolation {unknown}
 j - 2 scrolls of vulnerability {unknown}
 k - 2 scrolls of amnesia {unknown}
 r - 2 scrolls of brand weapon {unknown}
 s - 2 scrolls of fear {unknown}
 t - 3 scrolls of enchant armour {unknown}
 D - a scroll of noise {unknown}
 N - a scroll of magic mapping {unknown}
Potions
 c - 5 potions of curing
 d - 2 potions of might
 h - a potion of berserk rage {unknown}
 i - 3 potions of heal wounds {unknown}
 l - a potion of degeneration {unknown}
 m - a potion of magic {unknown}
 q - 3 potions of lignification {unknown}
 v - a potion of mutation {unknown}
 z - 2 potions of resistance {unknown}
 A - a potion of haste
 B - 2 potions of flight {unknown}
 C - 2 potions of invisibility {unknown}
 F - a potion of ambrosia {unknown}
 K - a potion of brilliance {unknown}


   Skills:
 + Level 9.1 Fighting
 - Level 5.0 Long Blades
 * Level 11.2 Axes
 - Level 2.4 Armour
 - Level 2.6 Shields


You had 9 spell levels left.
You didn't know any spells.
Your spell library contained the following spells:

 Spells                   Type           Power      Damage    Failure   Level
 Ensorcelled Hibernation  Hex/Ice        0%         N/A       100%        2
 Sublimation of Blood     Necr           0%         N/A       100%        2
 Spider Form              Tmut/Pois      0%         N/A       100%        3
 Anguish                  Hex/Necr       0%         N/A       100%        4
 Petrify                  Tmut/Erth      0%         N/A       100%        4
 Irradiate                Conj/Tmut      0%         3d11      100%        5


Dungeon Overview and Level Annotations

Branches:
Dungeon (8/15)             Temple (1/1) D:5            Lair (1/5) D:8

Altars:
Ashenzari
Cheibriados
Dithmenos
Elyvilon
Fedhas
Gozag
Hepliaklqana
Kikubaaqudgha
Makhleb
Nemelex Xobeh
Okawaru
Qazlal
Sif Muna
Trog
Uskayaw
Vehumet
Wu Jian
Xom
Zin
The Shining One

Shops:
D:1 (   D:2 ::[(*   D:7 *

Annotations:
D:8 3 runed translucent doors, OstrichLN's ghost, novice DsFi


Innate Abilities, Weirdness & Mutations

You have razor-sharp teeth.
Your natural rate of healing is unusually fast.
When hurt, damage is shared between your health and your magic reserves.
Your bite disrupts and absorbs the magic of your enemies.
Potions cannot restore your health.


Message History

No target in view!
Unknown command.
No target in view!
Unknown command.
No target in view!
No target in view!
No target in view!
You start resting.
HP restored.
You climb downwards.
Welcome back to the Lair of Beasts!
The yak bellows!
The blink frog hits you. You block the blink frog's attack.
The komodo dragon bites you! The yak gores you but does no damage.
The blink frog hits you!
The blink frog hits you but does no damage.
The komodo dragon bites you!
There is a staircase back to the Dungeon, spattered with blood here.
The blink frog hits you but does no damage.
You block the blink frog's attack. The blink frog hits you. The yak gores you!
* * * LOW HITPOINT WARNING * * *
The blink frog blinks!
You block the komodo dragon's attack.
You climb upwards.
Welcome back to the Dungeon!
Level annotation: 3 runed translucent doors, OstrichLN's ghost, novice DsFi
There is a staircase to the Lair, spattered with blood here.
You are too injured to fight recklessly!
You are too injured to fight recklessly!
Unknown command.
You are too injured to fight recklessly!
Unknown command.
You are too injured to fight recklessly!
Unknown command.
You are too injured to fight recklessly!
Unknown command.
You are too injured to fight recklessly!
Unknown command.
You block the blink frog's attack. The blink frog hits you.
* * * LOW HITPOINT WARNING * * *
The yak gores you!
* * * LOW HITPOINT WARNING * * *
You block the blink frog's attack. The blink frog hits you!
You die...

#.........~≈~.~.~≈~.~..#
###.....#..~≈≈≈≈(~≈~~...#
#......##..~~≈≈~.~≈~..~.#
#.#######...~≈≈~.~≈.~~..#### #.#
#...≈≈~....≈≈≈.[[..##### #.#
#..~≈≈....~≈≈~~.##...... #.#
#..~≈~....~≈≈≈≈≈##.##### #.#
#~.~~..FF†~≈≈≈≈≈....# #.#
#.~~~.~@l.~~~≈≈~##..# #.#
#..≈≈~.Y.†~≈≈≈≈≈##..####
#.#######.~≈≈~.~.~.≈≈≈≈~........
#...........~≈≈~~~~~~~~≈##....<.
#########...~~~≈≈≈≈≈≈..~##.#####
#######..~~.~.~≈≈≈≈.~.##.### #
#..........~.~≈~≈≈~........# #
#.#####......~.~.~~...####.# #
#.# #........~....~.# #.# #


You could see a komodo dragon, a yak and 2 blink frogs.

Vanquished Creatures
  2 black mambas (D:8)
  Joseph (D:7)
  A cane toad (D:8)
  Maggie (D:7)
  A troll (D:8)
  2 blink frogs (D:8)
  8 yaks
  3 water moccasins
  An orc warrior (D:7)
  2 ice beasts (D:8)
  2 ogres (D:6)
  A black bear (D:8)
  2 wolves (D:8)
  A phantom (D:4)
  2 centaurs
  A kobold brigand (D:5)
  A gnoll sergeant (D:6)
  2 bullfrogs (D:7)
  3 scorpions
  9 wights (D:8)
  A howler monkey (D:6)
  5 orc priests
  A gnoll bouda (D:7)
  Crazy Yiuf (D:2)
  6 hounds (D:8)
  A jelly (D:6)
  A sleepcap (D:6)
  7 orc wizards
  Robin (D:3)
  7 adders
  11 gnolls
  3 shadow imps
  3 white imps
  An ufetubus (D:5)
  3 dart slugs
  15 orcs
  A bat (D:1)
  9 endoplasms
  5 giant cockroaches
  12 goblins
  6 hobgoblins
  4 jackals (D:3)
  12 kobolds
  2 quokkas
  2 training dummies (D:4)
  12 ball pythons
  A frilled lizard (D:3)
  6 rats
185 creatures vanquished.

Vanquished Creatures (others)
  5 fungi
  5 plants
10 creatures vanquished.

Grand Total: 195 creatures vanquished

Notes
Turn   | Place    | Note
-------+----------+-------------------------------------------
     0 | D:1      | mistaj the Vine Stalker Fighter began the quest for the
                  | Orb.
     0 | D:1      | Reached XP level 1. HP: 11/11 MP: 2/2
   175 | D:1      | Reached XP level 2. HP: 14/16 MP: 3/3
   177 | D:1      | Found Rerru's Weapon Shoppe.
   734 | D:2      | Found a runed translucent door.
   735 | D:2      | Noticed Crazy Yiuf
   759 | D:2      | Found Cebuxiuv's Antique Armour Shop.
   772 | D:2      | Reached XP level 3. HP: 20/20 MP: 4/4
  1018 | D:2      | Found a shimmering altar of Xom.
  1045 | D:2      | Found Saetipp's Book Emporium.
  1184 | D:2      | Gained mutation: Your natural rate of healing is unusually
                  | fast. [Vine Stalker growth]
  1184 | D:2      | Reached XP level 4. HP: 20/24 MP: 5/5
  1202 | D:2      | Found Kiunotsa's General Store.
  1229 | D:2      | Found a faded altar of an unknown god.
  1343 | D:2      | Found Hodghagut's Weapon Shoppe.
  1542 | D:2      | Found Owas's Book Emporium.
  1607 | D:2      | Killed Crazy Yiuf
  1608 | D:2      | Reached XP level 5. HP: 10/28 MP: 6/6
  1762 | D:3      | Noticed Robin
  1791 | D:3      | Killed Robin
  2504 | D:4      | Noticed a phantom
  2518 | D:4      | Killed a phantom
  2519 | D:4      | Reached XP level 6. HP: 33/33 MP: 5/7
  2547 | D:4      | Reached skill level 5 in Long Blades
  2903 | D:4      | Reached skill level 1 in Axes
  3231 | D:5      | Entered Level 5 of the Dungeon
  3241 | D:5      | Noticed a yak
  3256 | D:5      | Noticed a yak
  3257 | D:5      | Noticed a yak
  3258 | D:5      | Noticed a yak
  3264 | D:4      | Killed a yak
  3265 | D:4      | Reached skill level 2 in Axes
  3265 | D:4      | Reached XP level 7. HP: 21/38 MP: 8/8
  3389 | D:4      | Killed a yak
  3390 | D:4      | Reached skill level 3 in Axes
  3409 | D:3      | Killed a yak
  3410 | D:3      | Reached skill level 5 in Fighting
  3410 | D:3      | Reached skill level 4 in Axes
  3447 | D:4      | Killed a yak
  3448 | D:4      | Gained mutation: You have razor-sharp teeth. [Vine Stalker
                  | growth]
  3448 | D:4      | Reached XP level 8. HP: 31/44 MP: 5/9
  3515 | D:5      | Reached skill level 5 in Axes
  3576 | D:5      | Found a staircase to the Ecumenical Temple.
  3584 | Temple   | Entered the Ecumenical Temple
  3638 | Temple   | Became a worshipper of Makhleb the Destroyer
  3855 | D:5      | Found an ornate altar of the Wu Jian Council.
  4246 | D:6      | Reached skill level 6 in Axes
  4931 | D:6      | Reached XP level 9. HP: 30/49 MP: 6/10
  4984 | D:6      | Reached skill level 7 in Axes
  5403 | D:7      | Noticed Joseph
  5414 | D:7      | Killed Joseph
  5677 | D:7      | Reached skill level 8 in Axes
  5763 | D:7      | Reached * piety under Makhleb
  5795 | D:7      | Noticed Maggie
  5802 | D:7      | Killed Maggie
  6228 | D:7      | Found a hazy altar of Hepliaklqana.
  6229 | D:7      | Found a radiant altar of Vehumet.
  6395 | D:7      | Found Zeoghu's CLEARANCE SALE!.
  6704 | D:8      | Identified the +2 pair of gloves of the Sky {Dex+3 Stlth+}
  6734 | D:8      | Found a staircase to the Lair.
  6734 | D:8      | Noticed a troll
  6753 | D:8      | Killed a troll
  6756 | D:8      | Reached skill level 9 in Axes
  6783 | D:8      | Reached XP level 10. HP: 56/56 MP: 11/11
  6800 | D:8      | Found a runed translucent gate.
  6801 | D:8      | Found a runed translucent gate.
  6803 | D:8      | Found a runed translucent gate.
  6803 | D:8      | Noticed OstrichLN's ghost (novice DsFi)
  6805 | D:8      | Identified the +6 plate armour of Context {Rampage rN++
                  | Str+4}
  7055 | D:8      | Reached ** piety under Makhleb
  7073 | D:8      | Reached skill level 10 in Axes
  7324 | D:8      | Found a snail-covered altar of Cheibriados.
  7326 | D:8      | Found an ancient bone altar of Kikubaaqudgha.
  7326 | D:8      | Found a blossoming altar of Fedhas.
  7621 | D:2      | Bought a +1 hand axe of flaming for 136 gold pieces
  7745 | Lair:1   | Entered Level 1 of the Lair of Beasts
  7863 | Lair:1   | Noticed a cane toad
  7880 | Lair:1   | Noticed a black mamba
  7886 | Lair:1   | Noticed a black mamba
  7913 | D:8      | Killed a cane toad
  7987 | D:8      | Killed a black mamba
  8011 | D:8      | Killed a black mamba
  8020 | D:8      | Reached skill level 11 in Axes
  8027 | D:8      | Slain by a blink frog

Illustrated notes

Levels and vault maps discovered:
D:1:      zelgadis_glass_arrival_large, layout_basic, serial_shops,
          nicolae_shop_bloodbath_and_beyond
D:2:      layout_basic, serial_shops, nicolae_shop_stone, nicolae_shop_crystal,
          nicolae_lakefront_shop, shop, nicolae_shop_behind_doors, basic_altar,
          shapermc_ecumenical_altar_gd, chequers_serial_rivers_micro_d,
          st_stairs_12, serial_park_tiny_1, grunt_decor_cap, serial_park_tiny_1,
          hangedman_decor_growths, reono_crystal_passage, serial_bayou_pond_d,
          uniq_crazy_yiuf_cottage
D:3:      layout_basic, uniq_robin
D:4:      dreamdust_elfheim, layout_loops_ring
D:5:      layout_rooms, kennysheep_mini_moat, minmay_temple_entry_grid,
          sigmund_army
D:6:      layout_basic, minmay_liquid_box
D:7:      layout_basic, chequers_temple_overflow_statue_of_worship,
          nicolae_shop_clearance, uniq_maggie, uniq_joseph
D:8:      layout_loops_ring, grunt_temple_overflow_diamond, erik_lair_island,
          biasface_ghost_orc_armoury
Temple:   compressed_dpeg_circular_temple
Lair:1:   layout_chaotic_city, chequers_serial_rivers_micro_c

Skill      XL: |  1  2  3  4  5  6  7  8  9 10 |
---------------+-------------------------------+-----
Long Blades    | 2 3 4 5 |  5.0
Fighting       | 3 4 5 6 7 9 |  9.1
Axes           | 2 4 6 9 11 | 11.2
Armour         | |  2.4
Shields        | |  2.6

Action                     |  1- 3 |  4- 6 |  7- 9 | 10-12 || total
---------------------------+-------+-------+-------+-------++-------
  Melee: Long sword        |    71 |   107 |       |       ||   178
         Bite              |     9 |    33 |    38 |    29 ||   109
         Hand axe          |       |    23 |   139 |    82 ||   244
    Use: Scroll            |       |       |       |     2 ||     2
 Armour: Scale mail        |    31 |    63 |    25 |       ||   119
         Chain mail        |       |       |    20 |       ||    20
         Plate armour      |       |       |    25 |    57 ||    82
  Dodge: Dodged            |    33 |    63 |    41 |    17 ||   154
  Block: Buckler           |    13 |    13 |       |       ||    26
         Kite shield       |       |    24 |   128 |   101 ||   253
         Reflection        |       |       |     8 |       ||     8

Table legend: (Time is in decaauts)
 A = Elapsed time spent in this place.
 B = Non-inter-level travel time spent in this place.
 C = Inter-level travel time spent in this place.
 D = Time resting spent in this place.
 E = Time spent auto-exploring this place.
 F = Levels seen in this place.
 G = Mean time per level.
                   A        B        C        D        E       F      G
               +--------+--------+--------+--------+--------+-----+--------+
         Total |   8239 |   7656 |    583 |   1269 |   4640 |  10 |  823.9 |
       Dungeon |   8026 |   7452 |    574 |   1269 |   4640 |   8 | 1003.2 |
        Temple |     63 |     55 |      8 |      0 |      0 |   1 |   63.0 |
          Lair |    149 |    149 |      0 |      0 |      0 |   1 |  149.0 |
               +--------+--------+--------+--------+--------+-----+--------+

Top non-repeatable levels by time:
     D:6: 1371 daAuts
     D:7: 1320 daAuts
     D:8: 1068 daAuts
     D:2: 1024 daAuts
     D:4: 957 daAuts
     D:3: 913 daAuts
     D:1: 731 daAuts
     D:5: 640 daAuts
  Lair:1: 149 daAuts
  Temple: 63 daAuts
